[Event "ICC tourney 1954 (60 10)"]
[Site "Internet Chess Club"]
[Date "2020.08.08"]
[Round "4"]
[White "SonicTrist"]
[Black "vaav"]
[Result "0-1"]
[ICCResult "White checkmated"]
[WhiteElo "1312"]
[BlackElo "1242"]
[Opening "French: exchange variation"]
[ECO "C01"]
[NIC "FR.01"]
[Time "12:02:40"]
[TimeControl "3600+10"]

1. e4 e6 2. d4 d5 3. exd5 exd5 4. Bd3 Nf6 5. Bf4 Bd6 6. Bg3 c5 7. c3 cxd4 8.
cxd4 Nc6 9. Nf3 Bg4 10. Be2 Bb4+ 11. Nc3 Qa5 12. Qd2 Bxc3 13. bxc3 Ne4 14.
Qe3 Qxc3+ 15. Qxc3 Nxc3 16. h3 Nxe2 17. Kxe2 Nxd4+ 18. Kd3 Nxf3 19. hxg4 Ng5
20. Rhe1+ Kd7 21. Re5 Ne6 22. Rxd5+ Ke7 23. Re1 Rad8 24. Ke4 Rxd5 25. Kxd5
Rd8+ 26. Ke5 Re8 27. Kf5 g6+ 28. Ke5 Kf8 29. Kf6 b5 30. Bd6+ Kg8 31. f4 Rd8
32. Ke7 Ra8 33. f5 gxf5 34. gxf5 Ng7 35. Kd7 Nxf5 36. Be5 a5 37. Re4 f6 38.
Bxf6 Kf7 39. Be5 Re8 40. Re1 b4 41. Bc3 Rxe1 42. Bxe1 h5 43. Kc6 Nd4+ 44.
Kb6 Nc2 45. Bf2 a4 46. Ka5 b3 47. Kxa4 b2 48. g4 b1=Q 49. a3 Qf1 50. Bb6
Qf4+ 51. Kb3 Nd4+ 52. Bxd4 Qxd4 53. gxh5 Kg7 54. a4 Qd3+ 55. Kb4 Qd4+ 56.
Kb5 Qd5+ 57. Kb4 Qxh5 58. a5 Qe8 59. Kc5 Qb8 60. Kc6 Kf6 61. Kc5 Ke5 62. Kc6
Kd4 63. Kd7 Qa7+ 64. Kc6 Qxa5 65. Kb7 Qc3 66. Kb6 Qc4 67. Kb7 Qc5 68. Ka6
Qb4 69. Ka7 Qb5 70. Ka8 Kc5 71. Ka7 Kc6 72. Ka8 Qb7# {White checkmated} 0-1

[Event "ICC tourney 1954 (60 10)"]
[Site "Internet Chess Club"]
[Date "2020.08.08"]
[Round "4"]
[White "shravanr"]
[Black "jhong2"]
[Result "1-0"]
[ICCResult "Black resigns"]
[WhiteElo "1420"]
[BlackElo "1207"]
[Opening "King's pawn opening"]
[ECO "B07"]
[NIC "VO.17"]
[Time "12:02:57"]
[TimeControl "3600+10"]

1. e4 d6 2. Nf3 Nf6 3. Bc4 g6 4. c3 Bg7 5. d3 O-O 6. O-O c5 7. Bf4 Nc6 8.
Nbd2 Bg4 9. h3 Bd7 10. Re1 Na5 11. Bb3 Nxb3 12. Qxb3 b5 13. c4 b4 14. d4 Nh5
15. Be3 cxd4 16. Bxd4 e5 17. Be3 a5 18. Qc2 Qc7 19. Rac1 Rac8 20. b3 Nf6 21.
Bg5 d5 22. Bxf6 Bxf6 23. exd5 Qd6 24. Qe4 Bf5 25. Qe3 Rfe8 26. Re2 e4 27.
Nd4 Qc5 28. Nxf5 Qxe3 29. Nxe3 Red8 30. Nxe4 Be7 31. Rd1 Bd6 32. Nxd6 Rxd6
33. Ng4 f5 34. Nh2 Kf7 35. Rde1 Rc7 36. Re6 Rcd7 37. Rxd6 Rxd6 38. Nf3 h6
39. Ne5+ Kf6 40. Nc6 f4 41. Nxa5 Rb6 42. Rd1 Ke5 43. c5 Rb5 44. d6
{Black resigns}
1-0

[Event "ICC tourney 1954 (60 10)"]
[Site "Internet Chess Club"]
[Date "2020.08.08"]
[Round "4"]
[White "Austin513"]
[Black "CheckMate33"]
[Result "1-0"]
[ICCResult "Black checkmated"]
[WhiteElo "1132"]
[BlackElo "1238"]
[Opening "Sicilian: Najdorf, 6.f4"]
[ECO "B93"]
[NIC "SI.12"]
[Time "12:02:47"]
[TimeControl "3600+10"]

1. e4 c5 2. Nf3 d6 3. d4 cxd4 4. Nxd4 Nf6 5. Nc3 a6 6. f4 e6 7. Bd3 Be7 8.
O-O b5 9. Be3 Bb7 10. e5 Nd5 11. Nxd5 Bxd5 12. a4 b4 13. Qg4 O-O 14. f5 dxe5
15. Bh6 g6 16. fxg6 hxg6 17. Bxg6 fxg6 18. Qxg6+ Kh8 19. Qg7# {Black
checkmated} 1-0

[Event "ICC tourney 1954 (60 10)"]
[Site "Internet Chess Club"]
[Date "2020.08.08"]
[Round "4"]
[White "akhanna"]
[Black "minecraftchess"]
[Result "0-1"]
[ICCResult "White checkmated"]
[WhiteElo "395"]
[BlackElo "898"]
[Opening "Queen's pawn game"]
[ECO "D02"]
[NIC "QP.08"]
[Time "12:02:32"]
[TimeControl "3600+10"]

1. d4 d5 2. Nf3 b6 3. Bg5 Bf5 4. e3 h6 5. Bh4 Nf6 6. Bxf6 exf6 7. Bd3 Bg4 8.
h3 Bxf3 9. Qxf3 Bd6 10. O-O O-O 11. Qf5 g6 12. Qg4 c5 13. Qh4 Kg7 14. f3 Nc6
15. Nc3 Re8 16. Rfe1 cxd4 17. exd4 Rxe1+ 18. Rxe1 Nb4 19. a3 Nc6 20. Nxd5
Bxa3 21. bxa3 Qxd5 22. a4 Nxd4 23. Be4 Qc4 24. g4 Nxf3+ 25. Bxf3 Rd8 26. Rd1
Rxd1+ 27. Bxd1 Qd4+ 28. Qf2 Qxd1+ 29. Kg2 Qa1 30. Qf4 Qe5 31. Qc4 Qc5 32.
Qe4 a5 33. Kg3 Qe5+ 34. Qxe5 fxe5 35. Kf3 Kf6 36. h4 Ke6 37. Ke4 Kd6 38. c3
f6 39. Kd3 f5 40. gxf5 gxf5 41. Ke3 Kd5 42. h5 f4+ 43. Kf3 Kc6 44. Kg4 b5
45. axb5+ Kxb5 46. Kf5 a4 47. Kg6 a3 48. Kxh6 a2 49. Kg7 a1=Q 50. h6 Qg1+
51. Kf7 f3 52. h7 Qh1 53. Kg8 Qxh7+ 54. Kxh7 f2 55. Kg6 f1=Q 56. Kg7 Qc4 57.
Kf6 Qxc3 58. Kf5 Qe3 59. Kg4 Qf4+ 60. Kh5 Qg3 61. Kh6 Qg4 62. Kh7 Qg5 63.
Kh8 Kc6 64. Kh7 Kd7 65. Kh8 Ke7 66. Kh7 Kf7 67. Kh8 Qg7# {White checkmated}
0-1

[Event "ICC tourney 1954 (60 10)"]
[Site "Internet Chess Club"]
[Date "2020.08.08"]
[Round "4"]
[White "alphablitz"]
[Black "jhong3"]
[Result "1-0"]
[ICCResult "Black resigns"]
[WhiteElo "746"]
[BlackElo "967"]
[Opening "King's pawn opening"]
[ECO "B07"]
[NIC "VO.17"]
[Time "12:03:17"]
[TimeControl "3600+10"]

1. e4 d6 2. Nf3 Nf6 3. Nc3 g6 4. Bc4 Bg7 5. O-O O-O 6. Re1 Nc6 7. d3 e5 8.
Bg5 Qe8 9. h3 Be6 10. Bxe6 Qxe6 11. Nb5 Qd7 12. Nc3 a6 13. a3 b5 14. b4 a5
15. Nxb5 axb4 16. axb4 Nxb4 17. Rxa8 Rxa8 18. Nc3 Qc6 19. Qd2 Ra3 20. Nb1
Ra4 21. c3 Ra2 22. Qd1 Na6 23. Re2 Rxe2 24. Qxe2 d5 25. exd5 Qxd5 26. Nxe5
h6 27. Bf4 Qb5 28. Nd2 Nh5 29. Bh2 Qa5 30. c4 Qa1+ 31. Nf1 Qd4 32. g4 Nf4
33. Bxf4 Qxf4 34. Nf3 Nc5 35. Ne3 Ne6 36. Nd5 Qc1+ 37. Kg2 c5 38. Ne5 Nf4+
39. Nxf4 Qxf4 40. Nd7 Qd6 41. Qe8+ Kh7 42. Qxf7 Qc6+ 43. f3 Qxd7 44. Qxd7
{Black resigns}
1-0

[Event "ICC tourney 1954 (60 10)"]
[Site "Internet Chess Club"]
[Date "2020.08.08"]
[Round "4"]
[White "sahithyansaran"]
[Black "joshhansen7"]
[Result "0-1"]
[ICCResult "White checkmated"]
[WhiteElo "436"]
[BlackElo "282"]
[Opening "Réti opening"]
[ECO "A05"]
[NIC "QP.11"]
[Time "12:02:24"]
[TimeControl "3600+10"]

1. Nf3 Nf6 2. Nc3 d5 3. d4 Nc6 4. Bf4 Bf5 5. e3 e6 6. Bd3 Bb4 7. a3 Bxc3+ 8.
bxc3 Qd7 9. O-O O-O-O 10. c4 Be4 11. Ne5 Nxe5 12. Bxe5 Rhg8 13. f3 Bxd3 14.
Qxd3 h6 15. c5 a6 16. Rab1 Qc6 17. f4 Ne4 18. Rf3 f6 19. Re1 fxe5 20. fxe5
Rgf8 21. Ref1 Rxf3 22. Rxf3 Qa4 23. Rf7 Qe8 24. Rxg7 Qf8 25. Rxc7+ Kxc7 26.
Qf1 Nd2 27. Qxf8 Rxf8 28. g3 Rf1+ 29. Kg2 Re1 30. Kf2 Ra1 31. Ke2 Nc4 32.
Kd3 Nxa3 33. h4 Ra2 34. c3 Rg2 35. h5 Rxg3 36. Ke2 Nb1 37. Kd3 a5 38. Kc2
Na3+ 39. Kd3 a4 40. Kd2 Nc4+ 41. Kc2 a3 42. Kb3 Nxe3 43. Kxa3 Nd1 44. Kb4
Rxc3 45. Kb5 Rd3 46. Kb4 Rxd4+ 47. Kb5 Re4 48. Ka5 d4 49. Kb4 d3+ 50. Kb3
Re2 51. Kc4 d2 52. Kd3 Rh2 53. Kc2 Ne3+ 54. Kc3 d1=Q 55. Kb4 Rb2+ 56. Ka3
Qa1# {White checkmated} 0-1

[Event "ICC tourney 1954 (60 10)"]
[Site "Internet Chess Club"]
[Date "2020.08.08"]
[Round "4"]
[White "charlestxie"]
[Black "aslan777"]
[Result "1-0"]
[ICCResult "Black resigns"]
[WhiteElo "1208"]
[BlackElo "488"]
[Opening "QGD Slav: 4.Nc3"]
[ECO "D15"]
[NIC "SL.03"]
[Time "12:02:56"]
[TimeControl "3600+10"]

1. d4 d5 2. c4 c6 3. Nf3 Nf6 4. Nc3 a6 5. e3 Bg4 6. Be2 Nbd7 7. h3 Bh5 8.
O-O e6 9. b3 Bd6 10. Nd2 Bxe2 11. Qxe2 O-O 12. Bb2 Bb8 13. cxd5 Nxd5 14.
Nxd5 exd5 15. Nf3 Nf6 16. Ba3 Re8 17. Qc2 Ne4 18. Rfe1 Qa5 19. Bc5 Qc7 20.
g3 Nxg3 21. fxg3 Qxg3+ 22. Qg2 Qc7 23. Kh1 Re6 24. Ne5 Rh6 25. Rg1 f6 26.
Bd6 Rg6 27. Qxg6 hxg6 28. Bxc7 Bxc7 29. Nxg6 Kf7 30. Nf4 Rh8 31. Rg3 g5 32.
Rag1 gxf4 33. Rg7+ Ke6 34. Rxc7 Rxh3+ 35. Kg2 Rxe3 36. Kf2 Rd3 37. Rxb7 Rxd4
38. Re1+ Kf5 39. Rg7 c5 40. Rc7 c4 41. bxc4 dxc4 42. Rc1 Rd2+ 43. Kf1 Rxa2
44. R7xc4 a5 45. Rd1 a4 46. Rdd4 Ra1+ 47. Ke2 a3 48. Rxf4+ Kg6 49. Ra4 a2
50. Rf1 Rb1 51. Rxa2 Rb6 52. Rg1+ Kf7 53. Ra7+ Ke6 54. Rf1 f5 55. Ra5 Rb2+
56. Kd3 Rb3+ 57. Kc4 Rg3 58. Raxf5 Rg4+ 59. Kd3 Rg3+ 60. R5f3 Rg6 61. Re3+
Kd6 62. Rf4 Kc5 63. Rd4 Ra6 64. Re5+ Kc6 65. Re6+ {Black resigns} 1-0

[Event "ICC tourney 1954 (60 10)"]
[Site "Internet Chess Club"]
[Date "2020.08.08"]
[Round "4"]
[White "Blitzstein"]
[Black "DiamondUnicorn"]
[Result "1-0"]
[ICCResult "Black resigns"]
[WhiteElo "1170"]
[BlackElo "520"]
[Opening "Giuoco Piano"]
[ECO "C54"]
[NIC "IG.02"]
[Time "12:02:13"]
[TimeControl "3600+10"]

1. e4 e5 2. Nf3 Nc6 3. Bc4 Bc5 4. c3 Nf6 5. d4 exd4 6. cxd4 Bb6 7. Nc3 Ba5
8. Bg5 O-O 9. O-O Ne7 10. Bxf6 gxf6 11. a3 a6 12. b4 Bb6 13. Qd2 Ng6 14. Nd5
Ba7 15. Rfe1 c6 16. Nf4 Nxf4 17. Qxf4 Bb8 18. Qg4+ Kh8 19. Qh5 Rg8 20. Bxf7
Rg7 21. Nh4 Qf8 22. Ng6+ Rxg6 23. Bxg6 Qg7 24. Bf5 Bc7 25. Qe8+ Qg8 26.
Qxg8+ Kxg8 27. Re3 Bf4 28. Rh3 h6 29. Re1 d6 30. Bxc8 Rxc8 31. g3 Bd2 32.
Rd1 Bc3 33. Rxh6 Kg7 34. Rh3 Bb2 35. Rd3 Re8 36. f3 d5 37. Rh4 Kg6 38. Kf2
dxe4 39. Rxe4 Rxe4 40. fxe4 f5 41. e5 Kf7 42. Kf3 Bc1 43. g4 Ke6 44. g5 Bxg5
45. Kg3 Kd5 46. h4 Bh6 47. h5 Ke6 48. Kf2 f4 49. Kf3 Kf5 50. Rd1 Kg5 51. a4
Kxh5 52. Rh1+ Kg5 53. Rxh6 Kxh6 54. Kxf4 Kg6 55. Ke4 Kf7 56. d5 Ke7 57. Kd4
cxd5 58. Kxd5 Kd7 59. a5 Ke7 60. Kc5 Ke6 61. Kb6 Kxe5 62. Kxb7 Kd4 63. Kxa6
Kc4 64. Kb6 Kxb4 65. a6 {Black resigns} 1-0

[Event "ICC tourney 1954 (60 10)"]
[Site "Internet Chess Club"]
[Date "2020.08.08"]
[Round "4"]
[White "wonderwoman"]
[Black "KanekiB"]
[Result "0-1"]
[ICCResult "White resigns"]
[WhiteElo "1312"]
[BlackElo "1139"]
[Opening "Sicilian: Grand Prix attack"]
[ECO "B21"]
[NIC "SI.48"]
[Time "12:02:57"]
[TimeControl "3600+10"]

1. e4 c5 2. f4 d6 3. Nf3 Nc6 4. Bb5 Bd7 5. O-O e5 6. Bxc6 Bxc6 7. fxe5 dxe5
8. Nc3 Nf6 9. d3 h6 10. Nxe5 Qd4+ 11. Kh1 Qxe5 12. Bf4 Qe6 13. Nd5 Nxd5 14.
exd5 Qxd5 15. Qe2+ Be7 16. c4 Qe6 17. Qf2 O-O 18. Rae1 Qf6 19. Re3 Bd6 20.
Bxd6 Qxd6 21. Rg3 Qd4 22. Qd2 Kh7 23. Rf4 Qe5 24. d4 cxd4 25. Qd3+ f5 26.
Rf1 Qe4 27. Qd1 Rae8 28. Qh5 f4 29. Rg4 d3 30. h3 Re5 31. Qh4 g5 32. Qf2 h5
33. Rxg5 Rxg5 34. Rg1 Rfg8 35. h4 Rxg2 36. Rxg2 Rxg2 {White resigns} 0-1

[Event "ICC tourney 1954 (60 10)"]
[Site "Internet Chess Club"]
[Date "2020.08.08"]
[Round "4"]
[White "ronTic"]
[Black "Kyle45"]
[Result "1-0"]
[ICCResult "Black resigns"]
[WhiteElo "1183"]
[BlackElo "109"]
[Opening "Sicilian defense"]
[ECO "B40"]
[NIC "SI.43"]
[Time "12:02:40"]
[TimeControl "3600+10"]

1. e4 c5 2. Nf3 e6 3. c3 d5 4. e5 a6 5. d4 Nc6 6. Be3 c4 7. Nbd2 b5 8. Be2
h6 9. b3 Bd7 10. bxc4 bxc4 11. Rb1 Nge7 12. Rb2 Ng6 13. h4 Nge7 14. g4 h5
15. gxh5 Rxh5 16. Ng5 Rh8 17. Bg4 Ng6 18. Qf3 Qe7 19. h5 f6 20. Nxe6 Bxe6
21. Bxe6 Qxe6 22. hxg6 Rxh1+ 23. Qxh1 fxe5 24. Qg2 exd4 25. cxd4 c3 26. Rc2
cxd2+ 27. Kxd2 Bd6 28. Kd1 Nb4 29. Rd2 Qf5 30. Ke2 Rc8 31. Kd1 Rc5 32. dxc5
Be5 33. a3 Qb1+ 34. Ke2 Nc2 35. Qxd5 Qc1 {Black resigns} 1-0

[Event "ICC tourney 1954 (60 10)"]
[Site "Internet Chess Club"]
[Date "2020.08.08"]
[Round "4"]
[White "HKChessTour"]
[Black "aec7r3b"]
[Result "1-0"]
[ICCResult "Black checkmated"]
[WhiteElo "1195"]
[BlackElo "1340"]
[Opening "Giuoco Piano"]
[ECO "C54"]
[NIC "IG.02"]
[Time "12:02:58"]
[TimeControl "3600+10"]

1. e4 e5 2. Nf3 Nc6 3. Bc4 Bc5 4. c3 Nf6 5. d4 exd4 6. cxd4 Bb4+ 7. Bd2
Bxd2+ 8. Nbxd2 O-O 9. d5 Na5 10. Bd3 Re8 11. Qa4 c6 12. dxc6 dxc6 13. O-O b5
14. Qa3 Rb8 15. b4 Nb7 16. Qxa7 Qxd3 17. Qxb8 Qd7 18. Qf4 Qe7 19. Rab1 Bd7
20. Qg3 h6 21. a3 Bc8 22. h3 Nh5 23. Qh4 Nf6 24. e5 Nd7 25. Qxe7 Rxe7 26.
Rfe1 Nb6 27. Rbc1 Rc7 28. Ne4 Bf5 29. Nd6 Be6 30. Nxb7 Rxb7 31. Rxc6 Bd5 32.
Rd6 Kf8 33. Rd1 Bb3 34. Rc1 Nc4 35. Rd3 Ba4 36. Kf1 Kg8 37. Rcc3 Re7 38.
Rd8+ Kh7 39. Ra8 Nxe5 40. Nxe5 Rxe5 41. Ra7 Rf5 42. Rf3 Rxf3 43. gxf3 f6 44.
Rxa4 bxa4 45. b5 Kg8 46. b6 Kf7 47. b7 Ke8 48. b8=Q+ Kd7 49. Qb7+ Ke6 50.
Qxg7 Kf5 51. Qxh6 Ke5 52. f4+ Kf5 53. Qxf6+ Kxf6 54. h4 Kg6 55. Ke2 Kh5 56.
Kd3 Kxh4 57. Ke4 Kh5 58. Kf5 Kh6 59. Ke6 Kg6 60. f5+ Kg7 61. Ke7 Kg8 62. f6
Kh7 63. f7 Kh8 64. f8=Q+ Kh7 65. Qf7+ Kh6 66. Qg8 Kh5 67. Kf6 Kh4 68. Kf5
Kh3 69. Kf4 Kh2 70. Kf3 Kh1 71. Qg2# {Black checkmated} 1-0

[Event "ICC tourney 1954 (60 10)"]
[Site "Internet Chess Club"]
[Date "2020.08.08"]
[Round "4"]
[White "MSU8899"]
[Black "eevee11"]
[Result "1-0"]
[ICCResult "Black resigns"]
[WhiteElo "1022"]
[BlackElo "698"]
[Opening "Grünfeld: Russian, Alekhine (Hungarian) variation"]
[ECO "D97"]
[NIC "GI.10"]
[Time "12:02:58"]
[TimeControl "3600+10"]

1. d4 Nf6 2. c4 g6 3. Nc3 d5 4. Nf3 Bg7 5. Qb3 dxc4 6. Qxc4 O-O 7. e4 a6 8.
Qb3 Nfd7 9. Bg5 c5 10. d5 Ne5 11. Nxe5 Bxe5 12. h4 Nd7 13. h5 Bg7 14. hxg6
hxg6 15. O-O-O Bf6 16. Bxf6 Nxf6 17. Be2 Nd7 18. d6 e6 19. Rd3 Ne5 20. Rdh3
Qxd6 21. f4 Kg7 22. fxe5 Qxe5 23. Nd1 Qxe4 24. Qc3+ Qd4 25. Qf3 f5 26. Rh4
Qd5 27. Qc3+ Kf7 28. Rh7+ Ke8 29. Qg7 Qd7 30. Qxg6+ Rf7 31. Qg8+ {Black
resigns} 1-0

[Event "ICC tourney 1954 (60 10)"]
[Site "Internet Chess Club"]
[Date "2020.08.08"]
[Round "4"]
[White "JerryZhu"]
[Black "iamlifamily"]
[Result "0-1"]
[ICCResult "White resigns"]
[WhiteElo "1157"]
[BlackElo "1403"]
[Opening "QGD Slav defense"]
[ECO "D10"]
[NIC "SL.01"]
[Time "12:02:58"]
[TimeControl "3600+10"]

1. d4 d5 2. c4 c6 3. Nc3 Nf6 4. e3 Bf5 5. Nf3 e6 6. Bd3 Bxd3 7. Qxd3 dxc4 8.
Qxc4 Nbd7 9. O-O Bd6 10. Re1 O-O 11. e4 Be7 12. d5 Nb6 13. Qb3 cxd5 14. exd5
Nfxd5 15. Nxd5 Qxd5 16. Qc3 Rac8 17. Qe3 Bc5 18. Qf4 Bd6 19. Qe3 Bb4 20. Re2
Nc4 21. Qe4 Qxe4 22. Rxe4 Rfd8 23. Bf4 Be7 24. b3 Nd6 25. Rd4 Bf6 26. Ne5
Rc5 27. Rad1 Bxe5 28. Bxe5 Rxe5 29. f4 Rd5 30. Rxd5 exd5 31. Rxd5 Kf8 32.
Kf2 Ke7 33. Ke3 Ke6 34. Re5+ Kd7 35. Rd5 Kc6 36. Rd3 Re8+ 37. Kf3 f5 38.
Rc3+ Kb6 39. g4 Ne4 40. Re3 fxg4+ 41. Kxg4 Nf2+ 42. Kf3 Rxe3+ 43. Kxe3 Ng4+
44. Ke4 Nxh2 45. Kf5 Kc6 46. Ke6 h5 47. Kf7 Ng4 48. Kxg7 Kd6 49. f5 h4 50.
f6 Nxf6 51. Kxf6 h3 {White resigns} 0-1

[Event "ICC tourney 1954 (60 10)"]
[Site "Internet Chess Club"]
[Date "2020.08.08"]
[Round "4"]
[White "joeandjoe28"]
[Black "ElaineFan"]
[Result "1-0"]
[ICCResult "Black checkmated"]
[WhiteElo "1392"]
[BlackElo "1153"]
[Opening "Ruy Lopez: Graz variation"]
[ECO "C70"]
[NIC "RL.09"]
[Time "12:02:57"]
[TimeControl "3600+10"]

1. e4 e5 2. Nf3 Nc6 3. Bb5 a6 4. Ba4 b5 5. Bb3 Bc5 6. O-O Nf6 7. c3 Nxe4 8.
d4 exd4 9. cxd4 Be7 10. Ne5 Nxe5 11. dxe5 Nc5 12. Bxf7+ Kxf7 13. Qf3+ Ke8
14. Qxa8 c6 15. Qa7 Kf7 16. Be3 Ne6 17. f4 Rf8 18. f5 Nc7 19. Bb6 Kg8 20.
Bxc7 Qe8 21. Qd4 Rf7 22. f6 Qf8 23. Bd6 Bxd6 24. Qxd6 Qxd6 25. exd6 Rxf6 26.
Rxf6 gxf6 27. Nc3 Kf7 28. Rf1 Ke6 29. Ne4 Ke5 30. Nxf6 Kxd6 31. Nxh7 Kc7 32.
Nf6 d6 33. h4 Be6 34. a3 d5 35. h5 Bf7 36. h6 Bg6 37. Ng4 d4 38. Nf6 d3 39.
h7 Bxh7 40. Nxh7 d2 41. Rd1 c5 42. Rxd2 c4 43. Nf6 Kc6 44. Ne4 Kb6 45. Rd6+
Kc7 46. g4 a5 47. g5 b4 48. axb4 axb4 49. g6 b3 50. g7 c3 51. Nxc3 Kxd6 52.
g8=Q Kd7 53. Kf2 Kc6 54. Qxb3 Kc5 55. Qb5+ Kd4 56. Qd5# {Black checkmated}
1-0

[Event "ICC tourney 1954 (60 10)"]
[Site "Internet Chess Club"]
[Date "2020.08.08"]
[Round "4"]
[White "srinandasai12"]
[Black "Gnanathan"]
[Result "0-1"]
[ICCResult "White checkmated"]
[WhiteElo "1096"]
[BlackElo "1382"]
[Opening "Sicilian: Alapin's variation (2.c3)"]
[ECO "B22"]
[NIC "SI.46"]
[Time "12:02:15"]
[TimeControl "3600+10"]

1. e4 c5 2. c3 d6 3. d4 cxd4 4. cxd4 Nf6 5. Nc3 Nc6 6. Nf3 g6 7. Be2 Bg7 8.
O-O O-O 9. Be3 Bg4 10. a3 Qd7 11. Qd2 Rfd8 12. Rfd1 a6 13. Rab1 Rab8 14. a4
Kh8 15. Ng5 Bxe2 16. Qxe2 Kg8 17. Qc4 d5 18. exd5 Nxd5 19. Bf4 Rbc8 20. Qa2
h6 21. Nxd5 Qxd5 22. Qxd5 Rxd5 23. Nf3 Nxd4 24. Nxd4 Rxd4 25. Rxd4 Bxd4 26.
Bxh6 Rc2 27. Rf1 Rxb2 28. Bg5 Bf6 29. Be3 Ra2 30. g3 Rxa4 31. Kg2 b5 32. Rb1
Bd4 33. Bg5 Bf6 34. Bf4 Bc3 35. Rc1 b4 36. Kf3 a5 37. h3 Ra3 38. Ke4 a4 39.
Kd5 Rb3 40. Kc4 Bb2 41. Rd1 Bc3 42. Rc1 Rb2 43. Rd1 a3 44. Rd7 a2 45. Ra7
Rxf2 46. h4 a1=Q 47. Rxe7 Qa2+ 48. Kb5 Qd5+ 49. Ka4 Ra2# {White checkmated}
0-1

[Event "ICC tourney 1954 (60 10)"]
[Site "Internet Chess Club"]
[Date "2020.08.08"]
[Round "4"]
[White "CajunWyoCowboy"]
[Black "Hedwig210"]
[Result "1/2-1/2"]
[ICCResult "Game drawn by mutual agreement"]
[WhiteElo "1268"]
[BlackElo "1018"]
[Opening "Queen's pawn game"]
[ECO "D00"]
[NIC "QP.08"]
[Time "12:02:58"]
[TimeControl "3600+10"]

1. d4 d5 2. c3 Bf5 3. Nd2 Nf6 4. g3 e6 5. Bg2 Nc6 6. Ngf3 Bd6 7. O-O O-O 8.
Nb3 b6 9. Bg5 h6 10. Bxf6 Qxf6 11. Re1 Be4 12. Nbd2 Bxf3 13. Nxf3 Rab8 14.
e4 dxe4 15. Rxe4 Qf5 16. Nh4 Qf6 17. Re3 Ne7 18. Qe2 Ng6 19. Nxg6 Qxg6 20.
Rf1 c5 21. d5 exd5 22. Bxd5 Qf5 23. Be4 Qd7 24. Bc2 Rfe8 25. Qd3 Rxe3 26.
Qxe3 Re8 27. Qd3 g6 28. Kg2 Qc6+ 29. f3 Be7 30. Re1 Bf6 31. Rxe8+ Qxe8 32.
Qe4 Qxe4 33. Bxe4 Kf8 34. Kf2 Ke7 35. Ke3 g5 36. g4 Be5 37. h3 Bf4+ 38. Kd3
Bc1 39. b3 Kd6 40. Kc2 Bf4 41. Kd3 Be5 42. Kc4 {Game drawn by mutual
agreement} 1/2-1/2

[Event "ICC tourney 1954 (60 10)"]
[Site "Internet Chess Club"]
[Date "2020.08.08"]
[Round "4"]
[White "Cbf577"]
[Black "thihansa"]
[Result "1/2-1/2"]
[ICCResult "Black stalemated"]
[WhiteElo "1355"]
[BlackElo "1138"]
[Opening "French defense"]
[ECO "C00"]
[NIC "FR.01"]
[Time "12:02:13"]
[TimeControl "3600+10"]

1. e4 e6 2. Nc3 d5 3. exd5 exd5 4. d4 Nf6 5. Nf3 Bg4 6. Be2 Bxf3 7. Bxf3 c6
8. O-O Be7 9. Re1 O-O 10. Bg5 Nbd7 11. a3 Re8 12. Qd2 h6 13. Bf4 Nf8 14. Re2
Ng6 15. Bg3 Qd7 16. Be5 Nxe5 17. dxe5 Nh7 18. Na2 Bg5 19. Qd3 f6 20. Rae1
fxe5 21. Rxe5 Rxe5 22. Rxe5 Re8 23. Rxe8+ Qxe8 24. g3 Bf6 25. h4 Nf8 26. Qb3
b6 27. Nb4 Ne6 28. Nxc6 Kh8 29. Bxd5 Nd4 30. Nxd4 Bxd4 31. Qb4 Bc5 32. Qe4
Qxe4 33. Bxe4 Kg8 34. Kg2 Kf8 35. a4 Ke7 36. b3 Ke6 37. Kf3 Kf6 38. Ke2 g5
39. hxg5+ hxg5 40. g4 Ke5 41. f3 Kf4 42. Kd3 a5 43. Kc4 Ke3 44. Kb5 Kd4 45.
Kc6 Ke5 46. c3 Kf4 47. b4 axb4 48. cxb4 Bxb4 49. Kxb6 Be1 50. a5 Bf2+ 51.
Kb7 Be3 52. a6 Bf2 53. a7 Bxa7 54. Kxa7 Ke5 55. Kb7 Kf4 56. Kc6 Ke5 57. Kd7
Kf6 58. Kd6 Kg7 59. Ke6 Kh6 60. Kf6 {Black stalemated} 1/2-1/2

[Event "ICC tourney 1954 (60 10)"]
[Site "Internet Chess Club"]
[Date "2020.08.08"]
[Round "4"]
[White "narayan0811"]
[Black "Kfprasanna"]
[Result "1-0"]
[ICCResult "Black checkmated"]
[WhiteElo "1140"]
[BlackElo "1331"]
[Opening "Giuoco Piano"]
[ECO "C50"]
[NIC "IG.02"]
[Time "12:02:11"]
[TimeControl "3600+10"]

1. e4 e5 2. Nf3 Nc6 3. Bc4 Bc5 4. Nc3 d6 5. h3 Nf6 6. d3 h6 7. Be3 Bb6 8.
O-O O-O 9. Qd2 Be6 10. Bb3 Qe7 11. Rfe1 Rad8 12. Bxb6 axb6 13. Rad1 Rfe8 14.
Ba4 Bd7 15. Nd5 Nxd5 16. exd5 Nb8 17. Bxd7 Nxd7 18. Qe3 Nf6 19. c4 Rd7 20.
d4 exd4 21. Qxd4 Qd8 22. Rxe8+ Qxe8 23. Re1 Re7 24. Rxe7 Qxe7 25. Qe3 Qe4
26. Qxe4 Nxe4 27. Nd4 Nc5 28. Nb5 Na6 29. Kf1 Kf8 30. Ke2 Ke7 31. Ke3 g6 32.
a3 c6 33. dxc6 bxc6 34. Nd4 c5 35. Nb5 Nb8 36. Ke4 Ke6 37. Nc7+ Kd7 38. Nd5
Kc6 39. g4 Nd7 40. f4 Kb7 41. h4 Kc8 42. f5 Kd8 43. fxg6 fxg6 44. Nf4 Nf6+
45. Kf3 h5 46. g5 Nd7 47. Nxg6 Ke8 48. b3 Kf7 49. Nf4 Ne5+ 50. Ke4 Ng4 51.
Nxh5 Nf2+ 52. Kf5 Nd3 53. Nf6 Nc1 54. h5 Kg7 55. h6+ Kh8 56. g6 Ne2 57. g7#
{Black checkmated}
1-0

[Event "ICC tourney 1954 (60 10)"]
[Site "Internet Chess Club"]
[Date "2020.08.08"]
[Round "4"]
[White "lemonbar"]
[Black "tarunrswami"]
[Result "0-1"]
[ICCResult "White checkmated"]
[WhiteElo "1033"]
[BlackElo "899"]
[Opening "QGD: exchange variation"]
[ECO "D35"]
[NIC "QO.16"]
[Time "12:02:58"]
[TimeControl "3600+10"]

1. d4 d5 2. c4 e6 3. Nc3 Nf6 4. cxd5 exd5 5. Nf3 Nbd7 6. Bg5 Be7 7. e3 c6 8.
Be2 O-O 9. O-O h6 10. Bf4 Re8 11. Re1 Nf8 12. Ne5 Bd6 13. Bh5 Nxh5 14. Qxh5
Be6 15. g4 Bxe5 16. Bxe5 Ng6 17. g5 Qxg5+ 18. Qxg5 hxg5 19. Kh1 Nxe5 20.
dxe5 Bh3 21. f4 gxf4 22. exf4 Re6 23. Re3 Bf5 24. Rg3 f6 25. exf6 Rxf6 26.
Rag1 g6 27. h4 Kf7 28. Kg2 d4 29. Ne2 Rd8 30. Rd1 d3 31. Nc3 d2 32. Kf3 Bc2
33. Rf1 d1=Q+ 34. Nxd1 Bxd1+ 35. Kg2 Rd4 36. Rg4 Bxg4 37. Kg3 Be6 38. Rf3
Bd5 39. Re3 Rfxf4 40. Ra3 Rfe4 41. Rf3+ Kg7 42. Ra3 Rg4+ 43. Kh3 Rxh4+ 44.
Kg3 Rdg4+ 45. Kf2 Rg2+ 46. Kf1 Rh1# {White checkmated} 0-1

[Event "ICC tourney 1954 (60 10)"]
[Site "Internet Chess Club"]
[Date "2020.08.08"]
[Round "4"]
[White "bryantan2010"]
[Black "AlexR2007"]
[Result "0-1"]
[ICCResult "White resigns"]
[WhiteElo "1134"]
[BlackElo "938"]
[Opening "Sicilian: Najdorf, Lipnitzky attack"]
[ECO "B86"]
[NIC "SI.13"]
[Time "12:02:57"]
[TimeControl "3600+10"]

1. e4 c5 2. Nf3 d6 3. d4 cxd4 4. Nxd4 Nf6 5. Nc3 a6 6. Bc4 e6 7. Bg5 Be7 8.
Qd2 Nc6 9. Nb3 h6 10. Bxf6 Bxf6 11. O-O O-O 12. Rad1 Be7 13. Rfe1 b5 14. Bf1
Bb7 15. a3 Re8 16. g3 Ne5 17. Bg2 Nc4 18. Qc1 Rc8 19. Nd2 Nxa3 20. Nf3 Nc4
21. e5 Qb6 22. b3 Bxf3 23. exd6 {White resigns} 0-1

[Event "ICC tourney 1954 (60 10)"]
[Site "Internet Chess Club"]
[Date "2020.08.08"]
[Round "4"]
[White "royayush"]
[Black "Yeetamus123"]
[Result "1-0"]
[ICCResult "Black resigns"]
[WhiteElo "1343"]
[BlackElo "1088"]
[Opening "QGD Slav defense"]
[ECO "D10"]
[NIC "SL.01"]
[Time "12:02:50"]
[TimeControl "3600+10"]

1. d4 d5 2. c4 c6 3. Nc3 Nf6 4. e3 e6 5. a3 b6 6. Nf3 Bb7 7. cxd5 cxd5 8.
Bb5+ Nbd7 9. Ne5 Bd6 10. Nxd7 Nxd7 11. Bxd7+ Qxd7 12. O-O O-O 13. h3 f5 14.
Re1 Qf7 15. Qe2 Qg6 16. Bd2 Bc7 17. Rac1 Rae8 18. Nb5 Bb8 19. Bb4 Rf6 20.
Nd6 Bxd6 21. Bxd6 Rd8 22. Be7 Rd7 23. Bxf6 gxf6 24. Qf3 Rg7 25. g3 e5 26.
Qg2 f4 27. exf4 exd4 28. f3 d3 29. Rcd1 d4 30. g4 f5 31. g5 Ba6 32. Re5 Rc7
33. Rde1 Bb5 34. Rxb5 Rc2 35. Qf1 Qc6 36. Qxd3 {Black resigns} 1-0